 Dungeon Crawl Stone Soup version 0.29.1-12-g30fa7ad0bf (webtiles) character file.

Game seed: 17809715453716273585

17 FexLirch the Sneak (level 2, 0/26 HPs)
             Began as a Ghoul Delver on Dec 28, 2022.
             Was an Initiate of Nemelex Xobeh.
             Slain by an orc
             ... wielding a +0 club
              (3 damage)
             ... on level 7 of the Dungeon.
             The game lasted 00:03:12 (690 turns).

FexLirch the Sneak (Ghoul Delver)                    Turns: 690, Time: 00:03:13

Health: 0/26       AC:  3    Str: 15    XL:     2   Next: 62%
Magic:  1/1        EV: 11    Int:  5    God:    Nemelex Xobeh [......]
Gold:   58         SH:  0    Dex: 10    Spells: 1/1 levels left

rFire   . . .      SeeInvis .   g - +2 quarterstaff (speed)
rCold   + . .      Faith    .   (shield currently unavailable)
rNeg    + + +      Spirit   .   a - +0 leather armour
rPois   ∞          Reflect  .   (no helmet)
rElec   .          Harm     .   (no cloak)
rCorr   .          Rampage  .   (no gloves)
Will    .....                   (no boots)
Stlth   +++.......              (no amulet)
HPRegen 0.00/turn               (no ring)
MPRegen 0.07/turn               (no ring)

@: inhibited regen
A: claws 1, cold resistance 1, negative energy resistance 3, inhibited
regeneration, torment resistance 2, devour on kill
a: Renounce Religion, Draw Escape, Draw Destruction, Draw Summoning


You were on level 7 of the Dungeon.
You worshipped Nemelex Xobeh.
Nemelex Xobeh was noncommittal.
You visited 1 branch of the dungeon, and saw 4 of its levels.

You collected 58 gold pieces.

Inventory:

Hand Weapons
 g - a +2 quarterstaff of speed (weapon)
Missiles
 m - 2 boomerangs (quivered)
Armour
 a - a +0 leather armour (worn)
Wands
 f - a wand of digging (3)
 l - a wand of flame (14)
Scrolls
 b - a scroll of fog
 c - a scroll of magic mapping
 d - a scroll of fear
 h - a scroll of enchant weapon {unknown}
 i - a scroll of teleportation {unknown}
 j - a scroll of butterflies {unknown}
 k - a scroll of blinking {unknown}
Potions
 e - a potion of haste


   Skills:
 + Level 3.5 Fighting
 + Level 2.0 Dodging
 - Level 5.4 Stealth
 * Level 2.9 Unarmed Combat
 + Level 0.2 Invocations


You had one spell level left.
You didn't know any spells.
Your spell library was empty.

Dungeon Overview and Level Annotations

Branches:
Dungeon (6/15)
 Temple: D:4-7

Altars:
Nemelex Xobeh

Annotations:
D:4 Blork the orc


Innate Abilities, Weirdness & Mutations

You are immune to poison.
You have sharp fingernails.
Your flesh is cold resistant. (rC+)
You are immune to negative energy. (rN+++)
You do not regenerate when monsters are visible.
You are immune to unholy pain and torment.
You thrive by killing the living.


Message History

Okay, then.
Unknown command.
You drop a +0 club.
You drop a +0 leather armour.
You see here an orc corpse.
Unknown command.
You see here a +0 hand axe.
An orc comes into view. It is wielding a +0 club.
An orc is nearby!
A bullfrog comes into view.
The bullfrog croaks.
The orc shouts!
There is an escape hatch in the floor here.
Aiming: Throw Flame
Press: ? - help, Shift-Dir - straight line, f - bullfrog
Aim: a bullfrog (60% to hit)
The puff of flame hits the bullfrog!
The bullfrog is moderately wounded.
You closely miss the bullfrog.
The bullfrog is moderately wounded.
The bullfrog barely misses you. The orc hits you with a +0 club.
You hit the bullfrog but do no damage.
The bullfrog is moderately wounded.
The bullfrog barely misses you. The orc hits you with a +0 club.
The bullfrog completely misses you.
You barely miss the bullfrog.
The bullfrog is moderately wounded.
The bullfrog misses you.
You barely miss the bullfrog.
The bullfrog is moderately wounded.
The orc hits you with a +0 club. The bullfrog hits you.
Aiming: Throw Flame
Press: ? - help, Shift-Dir - straight line, f/p - bullfrog
Aim: a bullfrog (moderately wounded, 60% to hit)
The puff of flame hits the bullfrog.
The bullfrog is severely wounded.
The bullfrog hits you.
* * * LOW HITPOINT WARNING * * *
The orc hits you with a +0 club.
You die...
Your body disappears without a glow.

#..#..#+#
#........
#......
####....
##.....#
##......#
#.......#
#..###oF#
#. #.@#
#..# #..#
#..#
#######
#..##
##.....#
##..##
##..#####
##..###[###
###.)†##
#####


You could see a bullfrog and an orc.

Vanquished Creatures
  An adder (D:4)
  4 orcs
5 creatures vanquished.

Notes
Turn   | Place    | Note
-------+----------+-------------------------------------------
     0 | D:5      | FexLirch the Ghoul Delver began the quest for the Orb.
     0 | D:5      | Reached XP level 1. HP: 19/19 MP: 0/0
   350 | D:4      | Noticed Blork the orc
   400 | D:5      | Noticed a jelly
   489 | D:4      | Reached XP level 2. HP: 26/26 MP: 1/1
   507 | D:4      | Found a sparkling altar of Nemelex Xobeh.
   511 | D:4      | Became a worshipper of Nemelex Xobeh the Trickster
   577 | D:4      | You fall into a shaft and drop 3 floors!
   681 | D:7      | Noticed a bullfrog
   690 | D:7      | Slain by an orc

Illustrated notes

Levels and vault maps discovered:
D:4:      minmay_door_path, layout_basic, nemelex_diamond_rough_becter,
          ashenzari_conservatory_becter, grunt_ministairs_10,
          nicolae_grassy_gnolls, uniq_blork_the_orc
D:5:      layout_basic, nicolae_overflow_two_pavilions, uniq_edmund
D:6:      layout_rooms, mainiacjoe_overflow_boulevard, uniq_eustachio
D:7:      layout_layer_cave, nzn_makhleb_speed_demon,
          mainiacjoe_overflow_surrounded_room, nicolae_qazlal_style_of_elements,
          minmay_temple_entry_wispy, serial_shops, shop, nicolae_lava_and_water

Skill      XL: |  1 |
---------------+----+-----
Dodging        | 2 |  2.0
Fighting       | |  3.5
Stealth        | |  5.4
Unarmed Combat | |  2.9
Invocations    | |  0.2

Action                   || total
-------------------------++-------
Melee: Unarmed           ||     8
       Quarterstaff      ||    11
Evoke: Wand              ||     5
 Stab: Sleeping          ||     1
Dodge: Dodged            ||     8
